 Dungeon Crawl Stone Soup version 0.31.0-11-ge490571c62 (webtiles) character file.

Game seed: 3692337096278891976

50 qw the Shooter (level 3, -2/18 HPs)
             Began as a Spriggan Hunter on Feb 4, 2024.
             Slain by a goblin
             ... wielding a +0 dagger
             ... led by Robin
              (4 damage)
             ... on level 2 of the Dungeon.
             The game lasted 00:00:03 (957 turns).

qw the Shooter (Spriggan Hunter)                     Turns: 957, Time: 00:00:03

Health: -2/18      AC:  2    Str:  7    XL:     3   Next: 55%
Magic:  4/4        EV: 19    Int: 10    God:
Gold:   74         SH:  0    Dex: 20    Spells: 2/2 levels left

rFire   . . .        e - +2 arbalest (freeze)
rCold   . . .        (shield currently unavailable)
rNeg    . . .        c - +0 robe
rPois   .            (helmet restricted)
rElec   .            (no cloak)
rCorr   .            (gloves unavailable)
SInv    +            (boots unavailable)
Will    .....        (no amulet)
Stlth   ++           (no ring)
HPRegen 0.23/turn    (no ring)
MPRegen 0.09/turn

%: no passive effects
@: very quick
A: very small, no large weapons, unfitting armour, see invisible, speed 3
a: no special abilities


You were on level 2 of the Dungeon.
You visited 1 branch of the dungeon, and saw 2 of its levels.

You collected 128 gold pieces.
You spent 54 gold pieces at shops.


Innate Abilities, Weirdness & Mutations

You are very small and have problems with some larger weapons.
You are too small for most types of armour.
You have supernaturally acute eyesight. (SInv)
You cover ground extremely quickly. (Speed+++)


   Skills:
 - Level 1.5 Fighting
 + Level 4.8 Ranged Weapons
 - Level 4.0 Dodging
 - Level 1.5 Stealth


You had 2 spell levels left.
You didn't know any spells.
Your spell library was empty.

Inventory:

Hand Weapons
 e - a +2 arbalest of freezing (weapon)
Armour
 c - a +0 robe (worn)
Potions
 d - a potion of curing
 h - 2 potions of mutation

Dungeon Overview and Level Annotations

Branches:
Dungeon (2/15)

Altars:

Shops:
D:1 *


Message History

You shoot a bolt. The bolt barely misses the goblin.
Robin roars a battlecry!
The goblins go into a battle-frenzy!
The goblin misses you.
The goblin unwields a +0 sling.
The goblin wields a +0 club.
The goblin closely misses you.
A goblin comes into view. It is wielding a +0 dagger.
The goblin hits you with a +0 dagger. The goblin hits you with a +0 club.
You shoot a bolt. The bolt closely misses the goblin.
The goblin misses you. The goblin barely misses you.
A hobgoblin comes into view.
The goblin misses you.
You shoot a bolt. The bolt hits the goblin!
The bolt freezes the goblin.
You kill the goblin!
The goblin hits you with a +0 dagger.
You shoot a bolt. The bolt misses the goblin.
The goblin misses you.
Robin says, "Kneel, worm!"
The goblin misses you.
Robin says, "Bow before me, strongest of all the hobgoblins!"
The goblin closely misses you. The goblin misses you.
You shoot a bolt. The bolt hits the goblin!!
The bolt freezes the goblin.
You kill the goblin!
The goblin misses you. Robin closely misses you.
A hobgoblin comes into view.
The goblin hits you with a +0 dagger.
You shoot a bolt. The bolt hits Robin!!
The bolt freezes Robin.
You kill Robin!
The goblin hits you with a +0 dagger.
You shoot a bolt. The bolt hits the goblin!
The bolt freezes the goblin.
You kill the goblin!
The goblin misses you. x2; The hobgoblin misses you.
You shoot a bolt. The bolt hits the hobgoblin.
The bolt freezes the hobgoblin.
The hobgoblin is almost dead.
The hobgoblin no longer looks unusually strong.
The goblin closely misses you. The hobgoblin closely misses you.
The hobgoblin misses you. The goblin completely misses you.
You shoot a bolt. The bolt barely misses the hobgoblin.
The hobgoblin no longer looks unusually strong.
The goblin hits you with a +0 dagger.
You die...

... 77~.~ #.#
#####~~.P #.#
#.....7.~
#.########.###....
#.#........# #...~
#.#####.#.########
##7~) #......#..#
7~P #######.###
.7~ #@# ~ #ggg)..#
# ########


You could see 2 hobgoblins and a goblin (strong).

Vanquished Creatures
  Robin (D:2)
  3 endoplasms
  2 giant cockroaches (D:1)
  10 goblins
  4 hobgoblins
  3 quokkas (D:1)
  A ball python (D:1)
  2 bats (D:1)
  5 frilled lizards
  4 kobolds
  3 rats
38 creatures vanquished.

Notes
Turn   | Place    | Note
-------+----------+-------------------------------------------
     0 | D:1      | qw the Spriggan Hunter began the quest for the Orb.
     0 | D:1      | Reached XP level 1. HP: 10/10 MP: 2/2
     0 | D:1      | 0 ||| qw: Version: 0.3-a-160-g6735b56
     0 | D:1      | 0 ||| qw: Game counter: 5294
     0 | D:1      | 0 ||| qw: Melee chars always use a shield: true
     0 | D:1      | 0 ||| qw: God list: Okawaru
     0 | D:1      | 0 ||| qw: Allow faded altars: false
     0 | D:1      | 0 ||| qw: Do Orc after clearing Dungeon:15 true
     0 | D:1      | 0 ||| qw: Do second Lair branch before Depths: true
     0 | D:1      | 0 ||| qw: Lair rune preference: random
     0 | D:1      | 0 ||| qw: Goals: Normal
     0 | D:1      | 0 ||| PLANNING D:1-11
    87 | D:1      | Reached skill level 3 in Dodging
   214 | D:1      | Reached XP level 2. HP: 14/14 MP: 3/3
   524 | D:1      | Found Utwycuag's Assorted Antiques.
   617 | D:1      | 617 ||| BUYING fuming green potion (18 gold).
   617 | D:1      | Bought a fuming green potion for 18 gold pieces
   617 | D:1      | 617 ||| BUYING fuming green potion (18 gold).
   617 | D:1      | Bought a fuming green potion for 18 gold pieces
   617 | D:1      | 617 ||| SHOPLISTING glowing arbalest (157 gold, have 58).
   617 | D:1      | 617 ||| BUYING orange potion (18 gold).
   617 | D:1      | Bought an orange potion for 18 gold pieces
   617 | D:1      | 617 ||| SHOPLISTING short ivory wand (84 gold, have 40).
   728 | D:1      | 728 ||| READING 5 scrolls labelled ARPHIDW BUONI.
   728 | D:1      | 728 ||| IDENTIFYING golden potion
   729 | D:1      | 729 ||| READING 4 scrolls of identify.
   729 | D:1      | 729 ||| IDENTIFYING orange potion
   730 | D:1      | 730 ||| READING 3 scrolls of identify.
   730 | D:1      | 730 ||| IDENTIFYING 2 murky dark potions
   731 | D:1      | 731 ||| READING 2 scrolls of identify.
   731 | D:1      | 731 ||| IDENTIFYING 2 fuming green potions
   732 | D:1      | 732 ||| READING scroll of identify.
   732 | D:1      | 732 ||| IDENTIFYING scroll labelled APTOG DYEMM
   733 | D:1      | 733 ||| READING scroll labelled ICIHAU TIOCERPHIV.
   733 | D:1      | Identified a scroll of acquirement
   733 | D:1      | 733 ||| ACQUIRING +2 arbalest of freezing
   733 | D:1      | Acquired a +2 arbalest of freezing
   735 | D:1      | 735 ||| SWAPPING to +2 arbalest of freezing.
   736 | D:1      | 736 ||| DROPPING +0 shortbow.
   737 | D:1      | 737 ||| READING scroll labelled DAJ HEQIFREYRPH.
   738 | D:1      | 738 ||| READING scroll labelled WUOFRARE AFIVVAKH.
   741 | D:1      | 741 ||| DROPPING scroll of butterflies.
   742 | D:1      | 742 ||| DROPPING scroll of poison.
   743 | D:1      | 743 ||| DROPPING 2 potions of lignification.
   744 | D:1      | 744 ||| DROPPING potion of brilliance.
   810 | D:2      | Reached XP level 3. HP: 18/18 MP: 4/4
   947 | D:2      | Noticed Robin
   953 | D:2      | HP: 3/18 [goblin/+0 dagger[Robin] (4)]
   954 | D:2      | Killed Robin
   954 | D:2      | HP: 1/18 [goblin/+0 dagger[Robin] (2)]
   957 | D:2      | Slain by a goblin

Levels and vault maps discovered:
D:1:      erik_arrival_triangle_huge, layout_loops_ring, serial_shops,
          nicolae_shop_statue_plus, serial_bayou_pond_d
D:2:      layout_loops_ring, serial_bayou, serial_bayou_lagoon_b,
          serial_bayou_shore_a, serial_bayou_pond_e, serial_bayou_shore_b,
          serial_bayou_pond_c, shapermc_ecumenical_altar_mp_urbaneastern,
          basic_altar, minmay_pentomino_u2, uniq_robin

Skill      XL: |  1  2 |
---------------+-------+-----
Dodging        | 3 4 |  4.0
Fighting       | |  1.5
Ranged Weapons | |  4.8
Stealth        | |  1.5

Action                     || total
---------------------------++-------
   Fire: Shortbow          ||    65
         Arbalest          ||    24
    Use: Scroll            ||     8
 Armour: Robe              ||     9
  Dodge: Dodged            ||    28

Table legend:
 A = Non-vault XP
 B = Vault XP
 C = Vault XP percentage of total XP
 D = Non-vault monster count
 E = Vault monster count
 F = Vault count percentage of total count
                 A         B        C        D         E       F
            +---------+---------+-------+---------+---------+-------
      Total |      50 |      22 |  30.6 |      32 |       6 |  15.8
            +---------+---------+-------+---------+---------+-------
        D:1 |      39 |       0 |   0.0 |      25 |       0 |   0.0
        D:2 |      11 |      22 |  66.7 |       7 |       6 |  46.2
            +---------+---------+-------+---------+---------+-------
